 Dungeon Crawl Stone Soup version 0.21.1-1-g345015f (webtiles) character file.

64 Mgcat the Ruffian (level 4, 0/28 HPs)
             Began as a Gargoyle Transmuter on Mar 23, 2018.
             Was an Initiate of Cheibriados.
             Slain by an orc
             ... wielding a +0 short sword
              (3 damage)
             ... on level 3 of the Dungeon.
             The game lasted 00:04:24 (1825 turns).

Mgcat the Ruffian (Gargoyle Transmuter)             Turns: 1825, Time: 00:04:24

Health: 0/28       AC:  6    Str: 15    XL:     4   Next: 12%
Magic:  4/7        EV: 12    Int: 14    God:    Cheibriados [......]
Gold:   123        SH:  0    Dex: 12    Spells: 4/7 levels left

rFire    . . .     SeeInvis .     - Unarmed
rCold    . . .     Gourm    .   (no shield)
rNeg     + . .     Faith    .   b - +0 robe
rPois    ∞         Spirit   .   p - +0 helmet
rElec    +         Reflect  .   (no cloak)
rCorr    .         Harm     .   (no gloves)
MR       .....                  (boots currently unavailable)
Stlth    +.........             (no amulet)
HPRegen  0.09/turn              (no ring)
MPRegen  0.10/turn              (no ring)

@: appendage (expiring), very slow
A: talons 3, negative energy resistance 1, electricity resistance, unbreathing,
petrification resistance, rot immunity, AC +3
a: End Transformation, Bend Time, Renounce Religion


You were on level 3 of the Dungeon.
You worshipped Cheibriados.
Cheibriados was noncommittal.
You were very hungry.
You had grown temporary talons.
You visited 1 branch of the dungeon, and saw 3 of its levels.

You collected 123 gold pieces.

Inventory:

Missiles
 a - 19 arrows
Armour
 b - a +0 robe (worn)
 p - a +0 helmet (worn)
   (You found it on level 2 of the Dungeon)
Wands
 j - a wand of digging (4)
   (You took it off Jessica on level 2 of the Dungeon)
Scrolls
 e - a scroll of remove curse
 f - 4 scrolls of teleportation {unknown}
 g - 2 scrolls of enchant weapon {unknown}
 m - 2 scrolls of identify {unknown}
 o - 3 scrolls of magic mapping {unknown}
Potions
 h - 2 potions of degeneration {unknown}
 i - 2 potions of curing {unknown}
 k - a potion of heal wounds {unknown}
 l - a potion of lignification {unknown}
 n - a potion of brilliance {unknown}
 q - a potion of might {unknown}
 r - a potion of flight {unknown}
Books
 c - a book of Changes
Comestibles
 d - 2 rations


   Skills:
 + Level 3.0 Fighting
 - Level 1.5 Dodging
 + Level 4.0 Unarmed Combat
 - Level 2.0 Spellcasting
 - Level 1.5 Transmutations


You had 4 spell levels left.
You knew the following spells:

 Your Spells              Type           Power        Failure   Level  Hunger
a - Beastly Appendage     Tmut           #.....       13%         1    ##.....
b - Sticks to Snakes      Tmut           #.......     19%         2    ###....


Dungeon Overview and Level Annotations

Branches:
Dungeon (3/15)

Altars:
Cheibriados
Dithmenos
Okawaru
Uskayaw


Innate Abilities, Weirdness & Mutations

You are resistant to torment.
Your stone body is resilient. (AC +3)
You are immune to poison.
You resist negative energy. (rN+)
You are resistant to electric shocks. (rElec)
You can survive without breathing.
You are immune to petrification.
You are immune to rotting.
You have claws for feet.


Message History

You open the door.
There is an open door here.
There is an open door here.
You see here 21 sling bullets.
There is a stone staircase leading down here.
You climb downwards.
An orc comes into view. It is wielding a trident.
There is a stone staircase leading up here.
Casting: Beastly Appendage
Confirm with . or Enter, or press ? or * to list all spells.
Your feet morph into talons.
The orc shouts!
An orc comes into view. It is wielding a club.
The orc shouts!
You hear a shout!
An orc comes into view. It is wielding a mace.
The orc shouts!
The orc misses you.
Your transformation is almost over.
The orc closely misses you.
You hit the orc.
The orc is almost dead.
The orc hits you with a trident.
You hit the orc.
You kill the orc!
Cheibriados appreciates the change of pace.
Your Unarmed Combat skill increases to level 4!
You barely miss the orc. The orc hits you but does no damage.
You hit the orc.
The orc is lightly wounded.
The orc barely misses you.
You closely miss the orc. You claw the orc.
The orc is moderately wounded.
The orc misses you.
You completely miss the orc.
The orc is moderately wounded.
You closely miss the orc. Your kick misses the orc.
The orc is moderately wounded.
The orc closely misses you.
You closely miss the orc.
The orc is moderately wounded.
The orc hits you with a club.
You hit the orc. Your kick misses the orc.
The orc is moderately wounded.
The orc hits you but does no damage.
You hit the orc. Your kick misses the orc.
The orc is severely wounded.
The orc barely misses you.
You hit the orc but do no damage.
You kill the orc!
Cheibriados appreciates the change of pace.
Your talons disappear.
The orc throws a tomahawk.
The tomahawk barely misses you. The orc hits you with a mace!
Items here: )) [ † a club; a trident; a leather armour; an orc corpse
Casting: Beastly Appendage
Confirm with . or Enter, or press ? or * to list all spells.
Your feet morph into talons.
You are feeling very hungry.
Your transformation is almost over.
The orc closely misses you.
You hit the orc.
You kill the orc!
Cheibriados appreciates the change of pace.
An orc comes into view. It is wielding a short sword.
Things that are here:
a mace; 4 tomahawks
Items here: )) [ † a club; a trident; a leather armour; an orc corpse The orc shouts!
Your talons disappear.
There is a stone staircase leading up here.
You see here a tomahawk.
Casting: Beastly Appendage
Confirm with . or Enter, or press ? or * to list all spells.
Your feet morph into talons.
The orc barely misses you. The orc hits you with a short sword.
You barely miss the orc. You punch the orc.
The orc is heavily wounded.
Your transformation is almost over.
The orc hits you with a short sword.
* * * LOW HITPOINT WARNING * * *
You hit the orc but do no damage. Your kick misses the orc.
The orc is heavily wounded.
You completely miss the orc. Your kick misses the orc.
The orc is heavily wounded.
The orc barely misses you.
You closely miss the orc. You claw the orc, but do no damage.
The orc is heavily wounded.
The orc closely misses you.
You hit the orc.
The orc is almost dead.
The orc hits you with a short sword.
* * * LOW HITPOINT WARNING * * *
Casting: Beastly Appendage
Confirm with . or Enter, or press ? or * to list all spells.
You create a snake!
You now have 19 arrows.
The orc hits you but does no damage. The orc hits you with a short sword.
You die...

#.#
#.#
#.#
#.#
#)#
#)#
#S#
#o#
#@##
#<.#
####


You could see an orc and a friendly ball python.

Vanquished Creatures
  An ooze (D:1)
  A worm (D:2)
  A dart slug (D:2)
  A leopard gecko (D:1)
  3 orcs (D:3)
  2 bats (D:2)
  2 giant cockroaches (D:2)
  2 goblins
  5 hobgoblins
  3 jackals (D:1)
  3 kobolds
  A frilled lizard (D:1)
  2 rats (D:1)
27 creatures vanquished.

Vanquished Creatures (collateral kills)
  Jessica (D:2)
1 creature vanquished.

Grand Total: 28 creatures vanquished

Notes
Turn   | Place    | Note
-------+----------+-------------------------------------------
     0 | D:1      | Mgcat the Gargoyle Transmuter began the quest for the Orb.
     0 | D:1      | Reached XP level 1. HP: 12/12 MP: 3/3
   155 | D:1      | Reached XP level 2. HP: 13/17 MP: 5/5
   166 | D:1      | Learned a level 2 spell: Sticks to Snakes
   284 | D:2      | Noticed Jessica
   289 | D:1      | HP: 3/17 [jackal (2)]
   297 | D:1      | HP: 1/17 [jackal (3)]
   301 | D:1      | Reached skill level 2 in Fighting
   827 | D:2      | Found a snail-covered altar of Cheibriados.
   833 | D:2      | Became a worshipper of Cheibriados the Contemplative
   836 | D:2      | Found a hide-covered altar of Uskayaw.
   840 | D:2      | Found a shadowy altar of Dithmenos.
   841 | D:2      | Found an iron altar of Okawaru.
   975 | D:2      | Reached XP level 3. HP: 20/21 MP: 3/6
  1089 | D:2      | HP: 5/22 [Jessica/nerve-wracking pain (5)]
  1090 | D:2      | HP: 2/22 [Jessica/nerve-wracking pain (3)]
  1090 | D:2      | Killed Jessica
  1491 | D:2      | Reached XP level 4. HP: 27/27 MP: 5/7
  1672 | D:2      | Reached skill level 3 in Fighting
  1796 | D:3      | Reached skill level 4 in Unarmed Combat
  1823 | D:3      | HP: 3/28 [orc/short sword (5)]
  1825 | D:3      | Slain by an orc

Skill      XL: |  1  2  3  4 |
---------------+-------------+-----
Fighting       | 2 3 |  3.0
Unarmed Combat | 4 |  4.0
Dodging        | |  1.5
Spellcasting   | |  2.0
Transmutations | |  1.5

Action                   |  1- 3 |  4- 6 || total
-------------------------+-------+-------++-------
Melee: Unarmed           |    85 |    18 ||   103
       Kick              |     9 |     3 ||    12
       Punch             |     2 |     2 ||     4
       Headbutt          |     1 |       ||     1
 Cast: Beastly Appendage |    12 |     4 ||    16
       Sticks to Snakes  |     2 |     1 ||     3
  Use: Scroll            |     1 |       ||     1
 Stab: Sleeping          |     1 |       ||     1
  Eat: Chunk             |     3 |       ||     3
Armor: Robe              |    30 |     4 ||    34
Dodge: Dodged            |    75 |    11 ||    86

Vault maps used:
D:1:      lemuel_arrival_tunnels
D:2:      minitemple, uniq_jessica
D:3:      lemuel_doored_altar, uniq_grinder

Table legend:
 A = Turns spent in this place as a percentage of turns spent in the entire game.
 B = Non-inter-level travel turns spent in this place as a percentage of non-inter-level travel turns spent in the entire game.
 C = Inter-level travel turns spent in this place as a percentage of turns spent in this place.
 D = Turns resting spent in this place as a percentage of non-inter-level travel turns spent in this place.
 E = Turns spent auto-exploring this place as a percentage of non-inter-level travel turns spent in this place.
 F = Non-inter-level travel turns spent in this place divided by the number of levels of this place that you've seen.
                   A       B       C       D       E      F
               +-------+-------+-------+-------+-------+----------------------
         Total | 100.0 | 100.0 |   2.4 |   0.0 |  83.7 | 593.7
       Dungeon | 100.0 | 100.0 |   2.4 |   0.0 |  83.7 | 593.7
               +-------+-------+-------+-------+-------+----------------------

Table legend:
 A = Kills in this place as a percentage of kills in entire the game.
 B = Kills by you in this place as a percentage of kills by you in the entire game.
 C = Kills by friends in this place as a percentage of kills by friends in the entire game.
 D = Other kills in this place as a percentage of other kills in the entire game.
 E = Experience gained in this place as a percentage of experience gained in the entire game.
 F = Experience gained in this place divided by the number of levels of this place that you have seen.
                   A       B       C       D       E      F
               +-------+-------+-------+-------+-------+----------------------
         Total | 100.0 | 100.0 | 100.0 |   N/A | 100.0 |  30.7
       Dungeon | 100.0 | 100.0 | 100.0 |   N/A | 100.0 |  30.7
               +-------+-------+-------+-------+-------+----------------------
